 Dungeon Crawl Stone Soup version 0.29.1-12-g30fa7ad0bf (webtiles) character file.

Game seed: 12367530442495911190

303 mopl the Ducker (level 6, 0/53 HPs)
             Began as a Gnoll Monk on Dec 31, 2022.
             Slain by a wight
             ... wielding a +4 spear
              (6 damage)
             ... on level 6 of the Dungeon.
             The game lasted 00:02:28 (1453 turns).

mopl the Ducker (Gnoll Monk)                        Turns: 1453, Time: 00:02:28

Health: 0/53       AC:  5    Str: 12    XL:     6   Next: 38%
Magic:  9/9        EV: 13    Int:  9    God:
Gold:   102        SH:  0    Dex: 15    Spells: 9/9 levels left

rFire   . . .      SeeInvis .   l - +1 quarterstaff (spect)
rCold   . . .      Faith    .   (shield currently unavailable)
rNeg    . . .      Spirit   .   j - +0 ring mail
rPois   .          Reflect  .   (no helmet)
rElec   .          Harm     .   (no cloak)
rCorr   .          Rampage  .   (no gloves)
Will    .....                   (no boots)
Stlth   ++........              (no amulet)
HPRegen 0.17/turn               (no ring)
MPRegen 0.11/turn               (no ring)

@: lethally poisoned (0 -> -8), attractive
A: fangs 1, strong nose, distributed training
a: no special abilities


You were on level 6 of the Dungeon.
You visited 1 branch of the dungeon, and saw 4 of its levels.

You collected 102 gold pieces.

Inventory:

Hand Weapons
 a - a +0 mace
 l - a +1 spectral quarterstaff (weapon)
Armour
 j - a +0 ring mail (worn)
Wands
 k - a wand of flame (10)
Scrolls
 b - 4 scrolls of vulnerability {unknown}
 d - 3 scrolls of identify {unknown}
 g - a scroll of immolation {unknown}
Potions
 c - a potion of ambrosia
 e - a potion of mutation {unknown}
 f - a potion of haste {unknown}
 h - a potion of attraction
 i - a potion of cancellation {unknown}
 m - a potion of flight {unknown}


   Skills:
 + Level 6.8 Fighting
 + Level 2.0 Short Blades
 + Level 2.0 Long Blades
 + Level 2.0 Axes
 + Level 6.8 Maces & Flails
 + Level 2.0 Polearms
 + Level 2.0 Staves
 + Level 2.0 Ranged Weapons
 + Level 2.0 Throwing
 + Level 2.0 Armour
 + Level 6.8 Dodging
 + Level 4.6 Stealth
 + Level 2.0 Shields
 + Level 2.0 Unarmed Combat
 + Level 2.0 Spellcasting
 + Level 1.6 Conjurations
 + Level 1.6 Hexes
 + Level 1.6 Summonings
 + Level 1.6 Necromancy
 + Level 1.6 Translocations
 + Level 1.6 Transmutations
 + Level 1.6 Fire Magic
 + Level 1.6 Ice Magic
 + Level 1.6 Air Magic
 + Level 1.6 Earth Magic
 + Level 1.6 Poison Magic
 + Level 2.2 Invocations
 + Level 2.0 Evocations


You had 9 spell levels left.
You didn't know any spells.
Your spell library was empty.

Dungeon Overview and Level Annotations

Branches:
Dungeon (3/15)

Altars:
Fedhas
The Shining One


Innate Abilities, Weirdness & Mutations

You have very sharp teeth.
Your uncanny sense of smell can sniff out nearby items.
Your experience applies equally to all skills.


Message History

Your Spellcasting skill increases to level 2!
Your Evocations skill increases to level 2!
You close the door, pushing everything out of the way.
A wight breaks down the door.
There is an open door, spattered with blood here.
Items here: )))) [[ ††††.
Things that are here:
a +0 dagger; an orc corpse
Things that are here:
a +0 club; an orc corpse
Things that are here:
a +0 dagger; an orc corpse
There is an open door here.
There is an open door here.
You see here a book of Minor Magic.
You close the door.
A wight opens the door.
Found 3 stones.
A scorpion comes into view.
The scorpion stings you.
You are poisoned.
The scorpion poisons you! The scorpion closely misses you.
You feel sick.
You feel sick. The scorpion attacks as you move away! The scorpion stings you.
* * * LOW HITPOINT WARNING * * *
You feel sick. The scorpion attacks as you move away!
The scorpion barely misses you.
You feel sick.
You completely miss the scorpion.
You feel sick. The scorpion stings you.
* * * LOW HITPOINT WARNING * * *
You are lethally poisoned!
The scorpion poisons you! The scorpion closely misses you.
Unknown command.
It was a potion of attraction.
You feel attractive to monsters.
* * * LOW HITPOINT WARNING * * *
You feel sick. The scorpion closely misses you.
The wight hits you from afar with a +4 spear.
You die...

.....#.##########...#.#
...8...z...z........#.#
..##...#########...# #
#........... ......#
##...###############
##.## #z# #s# #@# #...#
∆ #.### #. # ∆


You could see a scorpion and 2 wights.

Vanquished Creatures
  A bullfrog (D:6)
  A scorpion (D:6)
  An orc priest (D:6)
  A hound (D:6)
  An iguana (D:6)
  5 adders (D:2)
  A white imp (D:6)
  A dart slug (D:1)
  8 orcs (D:6)
  4 bats
  An endoplasm (D:2)
  A giant cockroach (D:1)
  4 goblins
  2 hobgoblins
  2 quokkas
  4 ball pythons (D:2)
  2 frilled lizards
  2 kobolds (D:1)
  A rat (D:2)
43 creatures vanquished.

Notes
Turn   | Place    | Note
-------+----------+-------------------------------------------
     0 | D:1      | mopl the Gnoll Monk began the quest for the Orb.
     0 | D:1      | Reached XP level 1. HP: 23/23 MP: 1/1
   224 | D:1      | Found a faded altar of an unknown god.
   254 | D:1      | Prayed at the altar of an unknown god.
   254 | D:1      | Became a worshipper of the Shining One
   254 | D:1      | Reached * piety under the Shining One
   254 | D:1      | Reached ** piety under the Shining One
   268 | D:1      | Fell from the grace of the Shining One
   349 | D:1      | Reached XP level 2. HP: 29/29 MP: 2/2
   559 | D:2      | Reached XP level 3. HP: 14/35 MP: 3/3
   793 | D:2      | Reached skill level 1 in Invocations
   812 | D:2      | Reached skill level 1 in Short Blades
   812 | D:2      | Reached skill level 1 in Long Blades
   812 | D:2      | Reached skill level 1 in Axes
   812 | D:2      | Reached skill level 1 in Polearms
   812 | D:2      | Reached skill level 1 in Staves
   812 | D:2      | Reached skill level 1 in Ranged Weapons
   812 | D:2      | Reached skill level 1 in Throwing
   812 | D:2      | Reached skill level 1 in Armour
   812 | D:2      | Reached skill level 1 in Shields
   812 | D:2      | Reached skill level 1 in Unarmed Combat
   812 | D:2      | Reached skill level 1 in Spellcasting
   812 | D:2      | Reached skill level 1 in Evocations
  1043 | D:2      | Reached XP level 4. HP: 39/41 MP: 5/5
  1099 | D:2      | Found a blossoming altar of Fedhas.
  1282 | D:3      | You fall into a shaft and drop 3 floors!
  1325 | D:6      | Reached skill level 1 in Conjurations
  1325 | D:6      | Reached skill level 1 in Hexes
  1325 | D:6      | Reached skill level 1 in Summonings
  1325 | D:6      | Reached skill level 1 in Necromancy
  1325 | D:6      | Reached skill level 1 in Translocations
  1325 | D:6      | Reached skill level 1 in Transmutations
  1325 | D:6      | Reached skill level 1 in Fire Magic
  1325 | D:6      | Reached skill level 1 in Ice Magic
  1325 | D:6      | Reached skill level 1 in Air Magic
  1325 | D:6      | Reached skill level 1 in Earth Magic
  1325 | D:6      | Reached skill level 1 in Poison Magic
  1378 | D:6      | Reached XP level 5. HP: 24/47 MP: 5/7
  1403 | D:6      | Reached skill level 2 in Invocations
  1403 | D:6      | Reached XP level 6. HP: 30/53 MP: 8/8
  1421 | D:6      | Reached skill level 2 in Short Blades
  1421 | D:6      | Reached skill level 2 in Long Blades
  1421 | D:6      | Reached skill level 2 in Axes
  1421 | D:6      | Reached skill level 2 in Polearms
  1421 | D:6      | Reached skill level 2 in Staves
  1421 | D:6      | Reached skill level 2 in Ranged Weapons
  1421 | D:6      | Reached skill level 2 in Throwing
  1421 | D:6      | Reached skill level 2 in Armour
  1421 | D:6      | Reached skill level 2 in Shields
  1421 | D:6      | Reached skill level 2 in Unarmed Combat
  1421 | D:6      | Reached skill level 2 in Spellcasting
  1421 | D:6      | Reached skill level 2 in Evocations
  1453 | D:6      | Slain by a wight

Illustrated notes

Levels and vault maps discovered:
D:1:      scummos_arrival_star, layout_basic, ebering_ecumenical_altar_box
D:2:      layout_rooms, basic_altar, minmay_split_cup_small
D:3:      layout_rooms, good_gods_mini_temple, amcnicky_altar_gilded,
          gup_sewer_entry_bubbles, serial_shops, shop,
          chequers_serial_rivers_large_b, uniq_ijyb
D:6:      layout_loops_ring, mainiacjoe_overflow_cross_hatched,
          lemuel_temple_firewalk_b, grunt_ministairs_3, minmay_door_square

Skill      XL: |  1  2  3  4  5  6 |
---------------+-------------------+-----
Invocations    | 1 2 |  2.2
Short Blades   | 1 2 |  2.0
Long Blades    | 1 2 |  2.0
Axes           | 1 2 |  2.0
Polearms       | 1 2 |  2.0
Staves         | 1 2 |  2.0
Ranged Weapons | 1 2 |  2.0
Throwing       | 1 2 |  2.0
Armour         | 1 2 |  2.0
Shields        | 1 2 |  2.0
Unarmed Combat | 1 2 |  2.0
Spellcasting   | 1 2 |  2.0
Evocations     | 1 2 |  2.0
Conjurations   | 1 |  1.6
Hexes          | 1 |  1.6
Summonings     | 1 |  1.6
Necromancy     | 1 |  1.6
Translocations | 1 |  1.6
Transmutations | 1 |  1.6
Fire Magic     | 1 |  1.6
Ice Magic      | 1 |  1.6
Air Magic      | 1 |  1.6
Earth Magic    | 1 |  1.6
Poison Magic   | 1 |  1.6
Fighting       | |  6.8
Maces & Flails | |  6.8
Dodging        | |  6.8
Stealth        | |  4.6

Action                   |  1- 3 |  4- 6 || total
-------------------------+-------+-------++-------
Melee: Mace              |    61 |    11 ||    72
       Bite              |     8 |     4 ||    12
       Punch             |     1 |       ||     1
       Quarterstaff      |       |    32 ||    32
Invok: Renounce Religion |     1 |       ||     1
  Use: Potion            |       |     1 ||     1
 Stab: Sleeping          |     4 |       ||     4
       Distracted        |     1 |     1 ||     2
Armor: Robe              |     2 |       ||     2
       Leather armour    |    15 |       ||    15
       Ring mail         |       |    12 ||    12
Dodge: Dodged            |    72 |    28 ||   100
